 Dungeon Crawl Stone Soup version 0.18-a0-1071-g9f02aef (console) character file.

153 FIQ the Poker (level 5, 0/41 HPs)
             Began as a Merfolk Gladiator on Jan 14, 2016.
             Slain by an orc wizard
             ... wielding a +0 dagger
              (2 damage)
             ... on level 3 of the Dungeon.
             The game lasted 00:02:36 (1603 turns).

FIQ the Poker (Merfolk Gladiator)                   Turns: 1603, Time: 00:02:36

Health: 0/41       AC:  4    Str: 15    XL:     5   Next: 35%
Magic:  9/14       EV: 14    Int:  8    God:
Gold:   159        SH:  0    Dex: 15    Spells: 0 memorised, 4 levels left

rFire  . . .     SeeInvis .     a - +0 trident
rCold  . . .     Gourm    .     b - +0 leather armour
rNeg   . . .     Faith    .     (no shield)
rPois  .         Spirit   .     c - +0 helmet
rElec  .         Dismiss  .     (no cloak)
rCorr  .         Reflect  .     (no gloves)
SustAt .         Harm     .     (no boots)
MR     .....                    i - amulet of rage
Stlth  +.........               (no ring)
                                p - ring of magical power

@: not resistant to hostile enchantments, very unstealthy
A: change form in water, swift swim
a: Evoke Berserk Rage


You were on level 3 of the Dungeon.
You were not hungry.

You visited 1 branch of the dungeon, and saw 3 of its levels.

You collected 159 gold pieces.

Inventory:

Hand Weapons
 a - a +0 trident (weapon)
Missiles
 d - 3 throwing nets (quivered)
Armour
 b - a +0 leather armour (worn)
 c - a +0 helmet (worn)
Jewellery
 i - an amulet of rage (around neck)
 p - a ring of magical power (left hand)
Scrolls
 e - 2 scrolls of teleportation {unknown}
 k - a scroll of fog {unknown}
 m - a scroll of magic mapping {unknown}
 n - a scroll of noise {unknown}
 o - a scroll of identify {unknown}
 q - 2 scrolls of remove curse {unknown}
Potions
 j - a potion of agility
 r - a potion of flight
 s - a potion of lignification {unknown}
Books
 g - a book of Annihilations

   Spells                             Type                      Level
   a - Poison Arrow                   Conjuration/Poison           6
   b - Chain Lightning                Conjuration/Air              8
   c - Lehudib's Crystal Spear        Conjuration/Earth            8
   d - Glaciate                       Conjuration/Ice              9
   e - Fire Storm                     Conjuration/Fire             9
Comestibles
 f - 2 bread rations
 h - 4 fruits
 l - a slice of pizza


   Skills:
 + Level 3.2 Fighting
 * Level 6.2 Polearms
 + Level 3.0 Throwing
 + Level 5.0 Dodging


You had 4 spell levels left.
You didn't know any spells.

Dungeon Overview and Level Annotations

Branches:
Dungeon (3/15)

Altars:


Message History

The adder is heavily wounded.
The adder barely misses you. Something hits you but does no damage.
The quokka barely misses you. Something hits you but does no damage.
The adder misses you.
Attack whom?
Press: ? - help, Dir - move target cursor, f/p - adder
Aim: an adder (moderately wounded)
You barely miss the adder.
The adder is moderately wounded.
Something hits you.
* * * LOW HITPOINT WARNING * * *
The adder closely misses you. The quokka closely misses you.
The orc barely misses you.
Attack whom?
Press: ? - help, Dir - move target cursor, f/p - adder
Aim: an adder (moderately wounded)
You closely miss the adder.
The adder is moderately wounded.
Something hits you but does no damage. The adder completely misses you.
The quokka barely misses you. The orc hits you with a short sword.
* * * LOW HITPOINT WARNING * * *
Something hits you.
You die...

........... .. ≈≈≈≈≈..
......>.. ..≈ ≈P≈P≈P..#
.......♣♣≈≈P ≈≈≈P≈≈≈..#
....♣≈♣≈≈P≈ ≈≈≈≈P....#
#.#P≈≈≈≈≈≈≈ ≈≈≈≈≈....#
#.≈≈≈≈≈≈≈≈≈ ≈≈≈P≈≈P..#
###.#PP≈≈≈≈≈≈
≈P≈≈≈PP!.###.....♣P♣≈≈..
≈P≈≈P≈≈l......##........
≈≈≈P≈≈Sr................
######@o..).)#...#...≈≈
#..###.......#.♣≈≈
#####.....#.....♣≈
#.....#......♣
#............#
#.............
#...........>.
#.............
##............
#..............
####..<........


You could see an adder, an orc, a quokka and a giant newt.

Vanquished Creatures
  An orc wizard (D:3)
  An orc priest (D:3)
  3 adders
  3 giant geckos
  6 orcs (D:3)
  A giant cockroach (D:2)
  8 goblins
  7 hobgoblins
  2 jackals (D:2)
  A quokka (D:3)
  11 bats
  2 giant newts (D:2)
  4 kobolds
  6 rats
56 creatures vanquished.

Notes
Turn   | Place    | Note
--------------------------------------------------------------
     0 | D:1      | FIQ the Merfolk Gladiator began the quest for the Orb.
     0 | D:1      | Reached XP level 1. HP: 16/16 MP: 1/1
   224 | D:1      | Reached XP level 2. HP: 23/23 MP: 2/2
   405 | D:1      | Reached skill level 5 in Polearms
   745 | D:2      | Reached XP level 3. HP: 28/28 MP: 3/3
  1118 | D:2      | Reached XP level 4. HP: 26/34 MP: 4/4
  1291 | D:3      | Reached XP level 5. HP: 9/41 MP: 5/5
  1588 | D:3      | Reached skill level 6 in Polearms
  1588 | D:3      | Reached skill level 5 in Dodging
  1603 | D:3      | HP: 2/41 [orc/short sword (5)]
  1603 | D:3      | Slain by an orc wizard

Vault maps used:
D:1:      lightli_arrival_windingriver
D:3:      nicolae_dithmenos_through_a_glass_darkly, elyvilon_altar_1,
          serial_bayou, serial_bayou_shore_b, serial_bayou_ford_a,
          serial_bayou_pond_c, serial_bayou_shore_a

Action                   |  1- 3 |  4- 6 || total
-------------------------+-------+-------++-------
Melee: Trident           |   121 |    70 ||   191
  Use: Potion            |       |     3 ||     3
 Stab: Sleeping          |     1 |       ||     1
       Distracted        |       |     1 ||     1
  Eat: Chunk             |     1 |     1 ||     2
